 Dungeon Crawl Stone Soup version 0.23.2-1-ga50397a6bc (webtiles) character file.

Game seed: 10241716702032605097

378 zeedtz the Chopper (level 6, -7/53 HPs)
             Began as a Minotaur Fighter on May 31, 2019.
             Killed by divine providence
             ... invoked by an orc priest
              (15 damage)
             ... on level 3 of the Dungeon on June 1, 2019.
             The game lasted 00:25:56 (2701 turns).

zeedtz the Chopper (Minotaur Fighter)               Turns: 2701, Time: 00:25:56

Health: -7/53      AC:  9    Str: 22    XL:     6   Next: 45%
Magic:  5/5        EV:  7    Int:  5    God:
Gold:   135        SH: 10    Dex: 10    Spells: 5/5 levels left

rFire    . . .     SeeInvis .   a - +0 war axe
rCold    . . .     Gourm    .   c - +0 shield
rNeg     . . .     Faith    .   b - +1 scale mail
rPois    .         Spirit   .   (helmet restricted)
rElec    .         Reflect  .   (no cloak)
rCorr    .         Harm     .   k - +0 pair of gloves
MR       .....                  (no boots)
Stlth    ..........             (no amulet)
HPRegen  0.17/turn              (no ring)
MPRegen  0.09/turn              (no ring)

@: no status effects
A: retaliatory headbutt, horns 2
a: no special abilities


You were on level 3 of the Dungeon.
You were hungry.

You visited 1 branch of the dungeon, and saw 3 of its levels.

You collected 135 gold pieces.

Inventory:

Hand Weapons
 a - a +0 war axe (weapon)
Missiles
 p - 4 steel tomahawks (quivered)
Armour
 b - a +1 scale mail (worn)
 c - a +0 shield (worn)
 k - a +0 pair of gloves (worn)
Wands
 g - a wand of flame (12)
 m - a wand of polymorph (10)
Scrolls
 j - 3 scrolls of remove curse
Potions
 d - a potion of might
 e - 3 potions of degeneration
 h - a potion of invisibility {unknown}
 i - a potion of heal wounds {unknown}
 l - 2 potions of resistance {unknown}
 n - a potion of curing {unknown}
 o - 3 potions of lignification {unknown}
 q - a potion of agility {unknown}
Comestibles
 f - 5 rations


   Skills:
 + Level 4.7 Fighting
 + Level 5.6 Axes
 + Level 5.0 Armour
 + Level 0.3 Stealth
 + Level 5.3 Shields


You had 5 spell levels left.
You didn't know any spells.
Your spell library was empty.

Dungeon Overview and Level Annotations

Branches:
Dungeon (3/15)

Altars:
Fedhas
Trog


Innate Abilities, Weirdness & Mutations

You reflexively headbutt those who attack you in melee.
You have a pair of horns on your head.


Message History

The orc priest is heavily wounded.
The orc priest hits you but does no damage.
The orc priest calls down the wrath of Beogh upon you.
Pain shoots through your body!
* * * LOW HITPOINT WARNING * * *
You hit the orc priest.
The orc priest is severely wounded.
The orc priest hits you but does no damage.
You barely miss the orc priest.
The orc priest is severely wounded.
The orc priest hits you.
* * * LOW HITPOINT WARNING * * *
You hit the orc priest but do no damage.
The orc priest is heavily wounded.
The orc priest calls down the wrath of Beogh upon you.
Pain shoots through your body!
* * * LOW HITPOINT WARNING * * *
The orc priest mumbles some strange prayers to Beogh against you.
Beogh smites you!
You die...

#.##.........#.#.##.#
#.....
#.##########.#.#.##.#
#.....
#.##########.#.#.##.#
#.....
#.##.........#.#..#.#
#.....
#.##.........#.#..#.#
#.....
#.##.........#.#..#.#
#.....
#..............#....#
#.....
###........####.#..#
#.....
#.......o.@.....#.>#
#.....
.#####.##########.#
###### #)# #.# ...
#.# #...# #.# .....
.# #..#.## ##. .# ..
.#


You could see an orc priest.

Vanquished Creatures
  Grinder (D:3)
  Jessica (D:3)
  Terence (D:3)
  5 adders
  An ooze (D:3)
  A worm (D:2)
  A leopard gecko (D:3)
  13 orcs
  A ball python (D:1)
  5 bats
  5 giant cockroaches
  12 goblins
  6 hobgoblins
  4 jackals (D:2)
  7 kobolds
  A quokka (D:3)
  3 frilled lizards
  5 rats
73 creatures vanquished.

Notes
Turn   | Place    | Note
-------+----------+-------------------------------------------
     0 | D:1      | zeedtz the Minotaur Fighter began the quest for the Orb.
     0 | D:1      | Reached XP level 1. HP: 19/19 MP: 0/0
   205 | D:1      | Reached XP level 2. HP: 27/27 MP: 1/1
  1096 | D:2      | Reached XP level 3. HP: 32/33 MP: 2/2
  1245 | D:2      | Found a bloodstained altar of Trog.
  1622 | D:2      | Found a blossoming altar of Fedhas.
  1977 | D:2      | Reached XP level 4. HP: 40/40 MP: 3/3
  2075 | D:3      | Noticed Grinder
  2085 | D:3      | Paralysed by Grinder for 2 turns
  2087 | D:3      | Killed Grinder
  2087 | D:3      | Reached skill level 5 in Armour
  2087 | D:3      | Reached skill level 5 in Shields
  2087 | D:3      | Reached XP level 5. HP: 34/47 MP: 4/4
  2087 | D:3      | Reached XP level 6. HP: 38/53 MP: 5/5
  2521 | D:3      | Reached skill level 5 in Axes
  2555 | D:3      | Noticed Jessica
  2560 | D:3      | Killed Jessica
  2679 | D:3      | Noticed Terence
  2689 | D:3      | Killed Terence
  2701 | D:3      | Killed from afar by an orc priest

Skill      XL: |  1  2  3  4  5  6 |
---------------+-------------------+-----
Armour         | 4 5 |  5.0
Shields        | 4 5 |  5.3
Fighting       | 4 |  4.7
Axes           | 3 4 5 |  5.6
Stealth        | |  0.3

Action                   |  1- 3 |  4- 6 || total
-------------------------+-------+-------++-------
Melee: War axe           |   104 |    91 ||   195
       Headbutt          |    16 |    13 ||    29
  Use: Scroll            |       |     4 ||     4
  Eat: Ration            |     1 |       ||     1
       Chunk             |       |     2 ||     2
Armor: Scale mail        |    43 |    26 ||    69
Dodge: Dodged            |    23 |    18 ||    41
Block: Shield            |    64 |    34 ||    98
